 Dungeon Crawl Stone Soup version 0.30-a0-737-gf23d94013f (webtiles) character file.

Game seed: 16889515133286168653

5 Dittersdorf the Trooper (level 1, 0/14 HPs)
             Began as a Gargoyle Fighter on Feb 1, 2023.
             Slain by a quokka (4 damage)
             ... on level 1 of the Dungeon.
             The game lasted 00:00:20 (124 turns).

Dittersdorf the Trooper (Gargoyle Fighter)           Turns: 124, Time: 00:00:20

Health: 0/14       AC:  9    Str: 19    XL:     1   Next: 80%
Magic:  1/1        EV:  9    Int:  8    God:
Gold:   17         SH:  4    Dex:  9    Spells: 0/0 levels left

rFire   . . .      SeeInvis .    a - +0 flail
rCold   . . .      Faith    .    c - +0 buckler
rNeg    + . .      Spirit   .    b - +0 scale mail
rPois   ∞          Reflect  .    (no helmet)
rElec   +          Harm     .    (no cloak)
rCorr   .          Rampage  .    (no gloves)
Will    .....                    (no boots) Stlth
                                 (no amulet)
HPRegen 0.22/turn                (no ring)
MPRegen 0.07/turn                (no ring)

@: no status effects
A: sickness immunity, AC +2, negative energy resistance 1, electricity
resistance, torment resistance 1, petrification resistance
a: no special abilities


You were on level 1 of the Dungeon.
You visited 1 branch of the dungeon, and saw 1 of its levels.

You collected 17 gold pieces.

Inventory:

Hand Weapons
 a - a +0 flail (weapon)
Armour
 b - a +0 scale mail (worn)
 c - a +0 buckler (worn)
Potions
 d - a potion of might


   Skills:
 + Level 3.4 Fighting
 + Level 2.1 Maces & Flails
 + Level 3.4 Armour
 + Level 3.4 Shields


You couldn't memorise any spells.
You didn't know any spells.
Your spell library was empty.

Dungeon Overview and Level Annotations

Branches:
Dungeon (1/15)

Altars:


Innate Abilities, Weirdness & Mutations

You are immune to sickness and miasma.
Your stone body is resilient. (AC +2)
You are immune to poison.
You resist negative energy. (rN+)
You are resistant to electric shocks. (rElec)
You are resistant to unholy torment.
You are immune to petrification.


Message History

You are too injured to fight recklessly!
You are too injured to fight recklessly!
You are too injured to fight recklessly!
You are too injured to fight recklessly!
You are too injured to fight recklessly!
You are too injured to fight recklessly!
You are too injured to fight recklessly!
The quokka closely misses you. The quokka attacks as you move away!
The quokka completely misses you.
A quokka comes into view.
The quokka bites you but does no damage.
You closely miss the quokka. The quokka barely misses you.
You miss the quokka. The quokka closely misses you.
The quokka barely misses you.
You miss the quokka.
The quokka bites you but does no damage.
You barely miss the quokka.
The quokka bites you but does no damage.
The quokka bites you. You block the quokka's attack. x2
You closely miss the quokka. The quokka barely misses you.
The quokka closely misses you. The quokka barely misses you.
You hit the quokka.
The quokka is moderately wounded.
The quokka barely misses you. The quokka bites you.
The quokka bites you but does no damage.
You closely miss the quokka.
The quokka is moderately wounded.
The quokka bites you.
* * * LOW HITPOINT WARNING * * *
The quokka closely misses you. x2
The quokka bites you but does no damage.
You barely miss the quokka.
The quokka is moderately wounded.
The quokka twitches its whiskers.
You block the quokka's attack.
The quokka bites you but does no damage.
You barely miss the quokka.
The quokka is moderately wounded.
The quokka bites you.
You die...

........# # #.......#
.. ..## #.......# .#
...#.......# .# ## .#
#.#...)...+ ##. .##..#
#.........# #.. .....
######...†...# #.#
#.#.# .....#...†...#
#r###....
...........### #@##...#
............####r##...#
...............#J##.#
.....###.#......w...#
.....#
#.#......##........
######
#...##...#.........
######...#...#.....
##.......##...
#..>#...# #..


You could see a dart slug, an endoplasm and 2 quokkas.

Vanquished Creatures
  2 ball pythons (D:1)
  A bat (D:1)
  A goblin (D:1)
  A rat (D:1)
5 creatures vanquished.

Notes
Turn   | Place    | Note
-------+----------+-------------------------------------------
     0 | D:1      | Dittersdorf the Gargoyle Fighter began the quest for the
                  | Orb.
     0 | D:1      | Reached XP level 1. HP: 14/14 MP: 1/1
   124 | D:1      | Slain by a quokka

Illustrated notes

Levels and vault maps discovered:
D:1:      zaba_arrival_water, layout_basic, minmay_misc_feat_secret_circle,
          minmay_heptomino_d4

Action                     || total
---------------------------++-------
  Melee: Flail             ||    35
 Armour: Scale mail        ||    34
  Dodge: Dodged            ||    27
  Block: Buckler           ||    14

Table legend: (Time is in decaauts)
 A = Elapsed time spent in this place.
 B = Non-inter-level travel time spent in this place.
 C = Inter-level travel time spent in this place.
 D = Time resting spent in this place.
 E = Time spent auto-exploring this place.
 F = Levels seen in this place.
 G = Mean time per level.
                   A        B        C        D        E       F      G
               +--------+--------+--------+--------+--------+-----+--------+
         Total |    145 |    145 |      0 |      0 |     66 |   1 |  145.0 |
       Dungeon |    145 |    145 |      0 |      0 |     66 |   1 |  145.0 |
               +--------+--------+--------+--------+--------+-----+--------+

Top non-repeatable levels by time:
     D:1: 145 daAuts
